 Dungeon Sprint DCSS version 0.30-a0-585-g93115170b9 (webtiles) character file.

Game seed: 6464069362236081016

6200000 mhtbhm the Axe Maniac (level 22, -10/233 HPs)
             Began as a Minotaur Monk on Jan 1, 2023.
             Was the Champion of Makhleb.
             Killed by the air
             ... invoked by a tyrant
              (40 damage)
             ... in the Dungeon (Sprint VIII: "Arena of Blood").
             The game lasted 00:01:41 (62 turns).

mhtbhm the Axe Maniac (Minotaur Monk)                 Turns: 62, Time: 00:01:42

Health: -10/233    AC:  3    Str: 25    XL:     22   Next: 79%
Magic:  7/38       EV: 27    Int:  7    God:    Makhleb [******]
Gold:   0          SH:  0    Dex: 15    Spells: 44/44 levels left

rFire   . . .      SeeInvis .    j - +∞ Axe of Woe
rCold   . . .      Faith    .    (shield currently unavailable)
rNeg    . . .      Spirit   .    b - +0 robe
rPois   .          Reflect  .    (helmet restricted)
rElec   .          Harm     .    (no cloak)
rCorr   .          Rampage  .    (no gloves)
Will    +....      NoTele   +    (no boots)
Stlth   +++++++++                (no amulet)
HPRegen 0.58/turn                f - +30 ring of slaying
MPRegen 0.26/turn                k - +30 ring of slaying

@: no status effects
A: horns 2, retaliatory headbutt
a: Renounce Religion, Minor Destruction, Lesser Servant of Makhleb, Major
Destruction, Greater Servant of Makhleb


You were in the Dungeon.
You worshipped Makhleb.
Makhleb was exalted by your worship.
You visited 1 branch

Inventory:

Hand Weapons
 a - a +0 hand axe
 j - the +∞ Axe of Woe (weapon)
   (You found it in the Dungeon)
Armour
 b - a +0 robe (worn)
Jewellery
 f - a +30 ring of slaying (left hand)
 k - a +30 ring of slaying (right hand)
Potions
 c - a potion of ambrosia
 d - a potion of curing
 g - 2 potions of magic
 h - a potion of berserk rage


   Skills:
 O Level 27 Fighting
 + Level 17.6(20.5) Short Blades
 + Level 19.0(22.1) Long Blades
 O Level 27 Axes
 + Level 19.1(27) Maces & Flails
 + Level 19.0(27) Polearms
 + Level 19.1(24.7) Staves
 + Level 17.6 Ranged Weapons
 + Level 16.3 Throwing
 + Level 19.0 Armour
 O Level 27 Dodging
 O Level 27 Stealth
 + Level 19.1 Shields
 + Level 17.6 Unarmed Combat
 + Level 11.7 Spellcasting
 + Level 14.1 Conjurations
 + Level 11.7 Hexes
 + Level 12.7 Summonings
 + Level 12.7 Necromancy
 + Level 12.7 Translocations
 + Level 15.3 Transmutations
 + Level 14.1 Fire Magic
 + Level 14.1 Ice Magic
 + Level 14.1 Air Magic
 + Level 15.3 Earth Magic
 + Level 14.1 Poison Magic
 O Level 27 Invocations
 + Level 16.6 Evocations


You had 44 spell levels left.
You didn't know any spells.
Your spell library was empty.

Dungeon Overview and Level Annotations

Branches:
Dungeon (1/1)

Altars:
Makhleb

Annotations:
D The Captor


Innate Abilities, Weirdness & Mutations

You have a pair of horns on your head.
You reflexively headbutt those who attack you in melee.


Message History

The meat berserker is engulfed in blazing flames.
A meat berserker comes into view. It is wielding a +9 battleaxe.
The large bag of meat is engulfed in blazing flames.
The large bag of meat explodes!
The fiery explosion engulfs the eight-headed meat hydra!!!
The eight-headed meat hydra dies!
The fiery explosion engulfs the bag of meat!!!
The bag of meat dies!
The fiery explosion engulfs the eight-headed meat hydra!
The eight-headed meat hydra dies!
The fiery explosion engulfs the bag of meat!!
The bag of meat dies!
A sculptor of flesh comes into view. It is wielding a +9 great sword.
The destroyer points at you and mumbles some strange words.
The destroyer blinks!
You hear a shout!
Unknown command.
Blink to where?
Press: ? - help, Dir - move target A tyrant, The Captor and a sculptor of flesh come into view.
The Captor is wielding a +9 heavy triple sword.
As you read the scroll of blinking, it crumbles to dust.
You hear a shout! x3
The meat berserker is engulfed in blazing flames.
You hear a shout! x3
A meat berserker comes into view. It is wielding a +9 battleaxe. x2
You hear a shout! x3
The meat berserker is engulfed in blazing flames.
Unknown command.
You feel much better.
The dread appears out of thin air!
A dread comes into view.
The meat berserker rages.
The sculptor of flesh is engulfed in blazing flames.
You hear a shout! x2
The Captor mumbles some strange words.
The Captor seems to speed up.
You hear a shout!
The tyrant waves its bony arms in wide circles.
The air twists around and strikes you!!!
You die...

.. .. ..# ## ##..
.... .. ..... ....#
.## .....
...........z...
......#.#.L..O.
..............#
.......@.Oz....
.......§§§.....
.......z°.........
..W....§§o...O.....
.#.....o.#o..@.....
#.....§O#.o.......
.###.....§§###.......
......###ozo§........
......_.)§)o....§...


You could see a tyrant, 4 sculptors of flesh, a dread (wandering), 4 meat
berserkers, The Captor (fast) and 6 bags of meat.

Vanquished Creatures
  8 vampire knights (D)
  15 ogres (D)
  5 two-headed ogres (D)
  29 orcs (D)
  7 skeletal warriors (D)
64 creatures vanquished.

Vanquished Creatures (others)
  A two-headed ogre (D)
  2 hydras (D)
  3 orcs (D)
6 creatures vanquished.

Grand Total: 70 creatures vanquished

Notes
Turn   | Place    | Note
-------+----------+-------------------------------------------
     0 | D        | Found the +∞ Axe of Woe
     0 | D        | mhtbhm the Minotaur Monk began the quest for the Orb.
     0 | D        | Reached XP level 1. HP: 19/19 MP: 0/0
     2 | D        | Noticed a meat berserker
     2 | D        | Noticed a bag of meat
     2 | D        | Noticed a bag of meat
     2 | D        | Noticed a bag of meat
     4 | D        | Became a worshipper of Makhleb the Destroyer
     4 | D        | Reached * piety under Makhleb
     4 | D        | Reached ** piety under Makhleb
     4 | D        | Noticed a bag of meat
     4 | D        | Noticed a bag of meat
     5 | D        | Noticed a meat berserker
     6 | D        | Killed a meat berserker
     7 | D        | Reached skill level 5 in Stealth
     7 | D        | Reached XP level 2. HP: 53/53 MP: 0/8
     7 | D        | Reached XP level 3. HP: 60/60 MP: 0/10
     7 | D        | Reached XP level 4. HP: 69/69 MP: 0/11
     7 | D        | Reached XP level 5. HP: 75/75 MP: 0/13
     7 | D        | Reached XP level 6. HP: 83/83 MP: 0/14
     7 | D        | Reached XP level 7. HP: 91/91 MP: 0/16
     7 | D        | Reached XP level 8. HP: 99/99 MP: 0/17
     7 | D        | Reached XP level 9. HP: 105/105 MP: 0/18
     7 | D        | Reached XP level 10. HP: 114/114 MP: 0/19
     7 | D        | Reached XP level 11. HP: 121/121 MP: 0/20
     8 | D        | Killed a bag of meat
     9 | D        | Reached XP level 12. HP: 132/132 MP: 0/22
     9 | D        | Noticed a meat berserker
    10 | D        | Noticed a bag of meat
    10 | D        | Noticed a bag of meat
    11 | D        | Killed a meat berserker
    11 | D        | Noticed a meat berserker
    11 | D        | Noticed a bag of meat
    12 | D        | Reached XP level 13. HP: 145/145 MP: 0/24
    12 | D        | Killed a meat berserker
    12 | D        | Reached *** piety under Makhleb
    12 | D        | Noticed a bag of meat
    13 | D        | Reached XP level 14. HP: 157/157 MP: 0/26
    13 | D        | Killed a bag of meat
    13 | D        | Killed a bag of meat
    14 | D        | Noticed a bag of meat
    14 | D        | Killed a bag of meat
    14 | D        | Reached **** piety under Makhleb
    14 | D        | Killed a bag of meat
    14 | D        | Noticed a bag of meat
    14 | D        | Noticed a meat berserker
    14 | D        | Noticed a large bag of meat
    15 | D        | Reached skill level 27 in Axes
    15 | D        | Reached XP level 15. HP: 171/171 MP: 0/28
    18 | D        | Reached skill level 27 in Fighting
    18 | D        | Noticed a large bag of meat
    19 | D        | Reached ***** piety under Makhleb
    21 | D        | Killed a meat berserker
    21 | D        | Noticed a meat berserker
    22 | D        | Reached skill level 27 in Dodging
    22 | D        | Reached XP level 16. HP: 183/183 MP: 1/31
    24 | D        | Killed a meat berserker
    24 | D        | Noticed a large bag of meat
    25 | D        | Reached skill level 27 in Invocations
    25 | D        | Noticed a destroyer
    26 | D        | Killed a large bag of meat
    26 | D        | Reached ****** piety under Makhleb
    27 | D        | Reached XP level 17. HP: 161/191 MP: 2/33
    30 | D        | Reached skill level 27 in Stealth
    30 | D        | Killed a meat berserker
    32 | D        | Killed a large bag of meat
    32 | D        | Noticed a meat berserker
    32 | D        | Noticed a destroyer
    33 | D        | Reached skill level 5 in Short Blades
    33 | D        | Reached skill level 5 in Ranged Weapons
    33 | D        | Reached skill level 5 in Throwing
    33 | D        | Reached skill level 5 in Unarmed Combat
    33 | D        | Reached skill level 5 in Evocations
    33 | D        | Reached XP level 18. HP: 176/200 MP: 2/34
    33 | D        | Killed a destroyer
    34 | D        | Reached skill level 5 in Conjurations
    34 | D        | Reached skill level 5 in Summonings
    34 | D        | Reached skill level 5 in Necromancy
    34 | D        | Reached skill level 5 in Translocations
    34 | D        | Reached skill level 5 in Fire Magic
    34 | D        | Reached skill level 5 in Ice Magic
    34 | D        | Reached skill level 5 in Air Magic
    34 | D        | Reached skill level 5 in Poison Magic
    35 | D        | Noticed a sculptor of flesh
    35 | D        | Killed a large bag of meat
    36 | D        | Reached skill level 5 in Spellcasting
    36 | D        | Reached skill level 5 in Hexes
    36 | D        | Noticed a meat berserker
    37 | D        | Noticed a destroyer
    37 | D        | Noticed a destroyer
    38 | D        | Noticed a destroyer
    38 | D        | Noticed a large bag of meat
    38 | D        | Noticed a large bag of meat
    39 | D        | Noticed a meat berserker
    39 | D        | Noticed a sculptor of flesh
    39 | D        | Noticed a meat berserker
    39 | D        | Noticed a meat berserker
    41 | D        | Killed a sculptor of flesh
    41 | D        | Killed a destroyer
    41 | D        | Noticed a sculptor of flesh
    42 | D        | Reached skill level 10 in Long Blades
    42 | D        | Reached skill level 10 in Maces & Flails
    42 | D        | Reached skill level 10 in Polearms
    42 | D        | Reached skill level 10 in Staves
    42 | D        | Reached skill level 10 in Armour
    42 | D        | Reached skill level 10 in Shields
    42 | D        | Reached XP level 19. HP: 207/207 MP: 3/35
    42 | D        | Noticed a meat berserker
    42 | D        | Noticed a destroyer
    43 | D        | Noticed a destroyer
    44 | D        | Reached skill level 10 in Short Blades
    44 | D        | Reached skill level 10 in Ranged Weapons
    44 | D        | Reached skill level 10 in Unarmed Combat
    44 | D        | Noticed a meat berserker
    44 | D        | Killed a meat berserker
    44 | D        | Killed a destroyer
    45 | D        | Reached skill level 10 in Throwing
    45 | D        | Reached skill level 10 in Evocations
    45 | D        | Killed a meat berserker
    46 | D        | Reached skill level 10 in Transmutations
    46 | D        | Reached skill level 10 in Earth Magic
    46 | D        | Reached XP level 20. HP: 216/216 MP: 4/36
    46 | D        | Killed a meat berserker
    47 | D        | Killed a destroyer
    47 | D        | Noticed a meat berserker
    48 | D        | Reached skill level 10 in Conjurations
    48 | D        | Reached skill level 10 in Fire Magic
    48 | D        | Reached skill level 10 in Ice Magic
    48 | D        | Reached skill level 10 in Air Magic
    48 | D        | Reached skill level 10 in Poison Magic
    48 | D        | Noticed a destroyer
    49 | D        | Noticed a destroyer
    49 | D        | Noticed an eight-headed meat hydra
    50 | D        | Killed a meat berserker
    50 | D        | Killed a destroyer
    51 | D        | Reached skill level 15 in Long Blades
    51 | D        | Reached skill level 15 in Maces & Flails
    51 | D        | Reached skill level 15 in Polearms
    51 | D        | Reached skill level 15 in Staves
    51 | D        | Reached skill level 15 in Armour
    51 | D        | Reached skill level 15 in Shields
    51 | D        | Reached skill level 10 in Summonings
    51 | D        | Reached skill level 10 in Necromancy
    51 | D        | Reached skill level 10 in Translocations
    51 | D        | Reached XP level 21. HP: 224/224 MP: 5/37
    51 | D        | Killed a destroyer
    51 | D        | Noticed a large bag of meat
    53 | D        | Reached skill level 15 in Short Blades
    53 | D        | Reached skill level 15 in Ranged Weapons
    53 | D        | Reached skill level 15 in Unarmed Combat
    53 | D        | Reached skill level 10 in Spellcasting
    53 | D        | Reached skill level 10 in Hexes
    53 | D        | Noticed a tyrant
    53 | D        | Noticed a large bag of meat
    54 | D        | Noticed a tyrant
    55 | D        | Reached skill level 15 in Evocations
    56 | D        | Killed a large bag of meat
    57 | D        | Reached skill level 15 in Throwing
    57 | D        | Reached XP level 22. HP: 92/233 MP: 5/38
    57 | D        | Killed a destroyer
    59 | D        | Killed a destroyer
    59 | D        | Noticed a destroyer
    59 | D        | Noticed an accursed
    60 | D        | Reached skill level 15 in Transmutations
    60 | D        | Reached skill level 15 in Earth Magic
    60 | D        | Killed a large bag of meat
    60 | D        | HP: 7/233 [tyrant/the air (37)]
    60 | D        | Killed a large bag of meat
    61 | D        | Noticed a tyrant
    61 | D        | Noticed The Captor
    62 | D        | Killed from afar by a tyrant

Illustrated notes

Levels and vault maps discovered:
D:        meatsprint

Skill      XL: |  1  2  3  4  5  6  7  8  9 10 11 12 13 14 15 16 17 18 19 20 21 22 |
---------------+-------------------------------------------------------------------+-----
Fighting       | 18 19 21 23 26 27 | 27.0
Axes           | 18 20 22 24 27 | 27.0
Dodging        | 16 17 19 21 23 27 | 27.0
Stealth        | 5 6 7 8 11 24 27 | 27.0
Invocations    | 13 14 16 18 20 25 27 | 27.0
Short Blades   | 5 9 11 13 16 17 | 17.6
Long Blades    | 6 10 12 15 17 19 | 19.0
Maces & Flails | 6 10 12 15 17 19 | 19.1
Polearms       | 6 10 12 15 17 19 | 19.0
Staves         | 6 10 12 15 17 19 | 19.1
Ranged Weapons | 5 9 11 13 16 17 | 17.6
Throwing       | 5 9 11 12 15 16 | 16.3
Armour         | 6 10 12 15 17 19 | 19.0
Shields        | 6 10 12 15 17 19 | 19.1
Unarmed Combat | 5 9 11 13 16 17 | 17.6
Spellcasting   | 3 6 7 9 10 11 | 11.7
Conjurations   | 4 7 9 11 13 14 | 14.1
Hexes          | 3 6 7 9 10 11 | 11.7
Summonings     | 3 6 8 10 11 12 | 12.7
Necromancy     | 3 6 8 10 11 12 | 12.7
Translocations | 3 6 8 10 11 12 | 12.7
Transmutations | 4 8 10 12 14 15 | 15.3
Fire Magic     | 4 7 9 11 13 14 | 14.1
Ice Magic      | 4 7 9 11 13 14 | 14.1
Air Magic      | 4 7 9 11 13 14 | 14.1
Earth Magic    | 4 8 10 12 14 15 | 15.3
Poison Magic   | 4 7 9 11 13 14 | 14.1
Evocations     | 5 9 11 13 15 16 | 16.6

Action                   |  1- 3 |  4- 6 |  7- 9 | 10-12 | 13-15 | 16-18 | 19-21 | 22-24 || total
-------------------------+-------+-------+-------+-------+-------+-------+-------+-------++-------
Melee: Executioner's axe |     1 |       |       |     2 |     6 |    12 |    10 |     4 ||    35
  Use: Potion            |     1 |       |       |       |       |       |       |     1 ||     2
       Scroll            |       |       |       |       |       |       |       |     1 ||     1
Dodge: Dodged            |       |       |       |       |       |       |     2 |       ||     2

Table legend: (Time is in decaauts)
 A = Elapsed time spent in this place.
 B = Non-inter-level travel time spent in this place.
 C = Inter-level travel time spent in this place.
 D = Time resting spent in this place.
 E = Time spent auto-exploring this place.
 F = Levels seen in this place.
 G = Mean time per level.
                   A        B        C        D        E       F      G
               +--------+--------+--------+--------+--------+-----+--------+
         Total |     36 |     36 |      0 |      0 |      0 |   1 |   36.0 |
       Dungeon |     36 |     36 |      0 |      0 |      0 |   1 |   36.0 |
               +--------+--------+--------+--------+--------+-----+--------+

Top non-repeatable levels by time:
       D: 36 daAuts
